 Dungeon Crawl Stone Soup version 0.21.1-1-g345015f (webtiles) character file.

70 infcreate the Shield-Bearer (level 4, -6/40 HPs)
             Began as a Minotaur Fighter on May 23, 2018.
             Mangled by Sigmund
             ... wielding a +0 scythe
              (10 damage)
             ... on level 2 of the Dungeon.
             The game lasted 00:07:27 (1785 turns).

infcreate the Shield-Bearer (Minotaur Fighter)      Turns: 1785, Time: 00:07:28

Health: -6/40      AC:  7    Str: 22    XL:     4   Next: 4%
Magic:  3/3        EV:  7    Int:  5    God:
Gold:   113        SH:  9    Dex:  9    Spells: 3/3 levels left

rFire    . . .     SeeInvis .   a - +1 war axe
rCold    . . .     Gourm    .   c - +0 shield
rNeg     . . .     Faith    .   b - +0 scale mail
rPois    .         Spirit   .   (helmet restricted)
rElec    .         Reflect  .   (no cloak)
rCorr    .         Harm     .   (no gloves)
MR       .....                  (no boots)
Stlth    ..........             p - amulet of rage
HPRegen  0.13/turn              (no ring)
MPRegen  0.08/turn              (no ring)

@: berserk cooldown, slowed, very slow
A: retaliatory headbutt, horns 2
a: Evoke Berserk Rage


You were on level 2 of the Dungeon.
You were near starving.

You visited 1 branch of the dungeon, and saw 2 of its levels.

You collected 113 gold pieces.

Inventory:

Hand Weapons
 a - a +1 war axe (weapon)
Armour
 b - a +0 scale mail (worn)
 c - a +0 shield (worn)
Jewellery
 p - an amulet of rage (around neck)
Scrolls
 e - a scroll of teleportation
 h - a scroll of fear {unknown}
 i - 2 scrolls of enchant weapon
 k - a scroll of identify {unknown}
 m - a scroll of blinking {unknown}
 n - a scroll of remove curse {unknown}
 o - a scroll of noise {unknown}
 q - a scroll of amnesia {unknown}
 r - a scroll of immolation {unknown}
Potions
 d - a potion of might
 g - a potion of curing {unknown}
 j - 2 potions of brilliance {unknown}
 l - a potion of haste {unknown}
Comestibles
 f - 5 rations


   Skills:
 + Level 4.2 Fighting
 + Level 3.2 Axes
 + Level 4.3 Armour
 + Level 4.5 Shields


You had 3 spell levels left.
You didn't know any spells.

Dungeon Overview and Level Annotations

Branches:
Dungeon (2/15)

Altars:

Annotations:
D:2 Sigmund


Innate Abilities, Weirdness & Mutations

You reflexively headbutt those who attack you in melee.
You have a pair of horns on your head.


Message History

Your shield prevents you from hitting something.
You closely miss something.
You are no longer berserk.
You are exhausted.
You feel yourself slow down. Something hits you.
Your shield prevents you from hitting something.
Something hits you but does no damage.
You miss something. Something hits you! Something hits you but does no damage.
You miss something. You headbutt something.
Something hits you but does no damage.
You barely miss something. Something hits you! x2
* * * LOW HITPOINT WARNING * * *
You closely miss something.
You hear some strange, mumbled words.
Something tries to affect you, but you resist.
You barely miss something. Something completely misses you.
Something hits you but does no damage.
You barely miss something. Something hits you but does no damage.
You miss something. Something hits you!
You die...

###.####.# #..###.# #.# # #.
#.# #..# #.# #.#
###.####.######..# #.# #.#
........#........###.## #.#
###..###.#.###..<##...# #.# #
#..# #.#.# #...##.#.# #.# #
#..# #.#.# #...##.#.#### #.# #
#..# #.#)# #......#....####.#
###..###.#.###.{@#######......#
........(...........#....######
###.................#.##.#
##.######.....###.#.##.########
#... ...<...## #...##.........
############# ###############


There were no monsters in sight!

Vanquished Creatures
  2 adders (D:2)
  A worm (D:2)
  4 dart slugs
  A leopard gecko (D:2)
  6 hobgoblins
  6 jackals
  5 kobolds
  6 bats
  2 frilled lizards (D:1)
  3 goblins
  3 rats (D:1)
39 creatures vanquished.

Notes
Turn   | Place    | Note
-------+----------+-------------------------------------------
     0 | D:1      | infcreate the Minotaur Fighter began the quest for the Orb.
     0 | D:1      | Reached XP level 1. HP: 19/19 MP: 0/0
   216 | D:1      | Reached XP level 2. HP: 27/27 MP: 1/1
   818 | D:2      | Reached XP level 3. HP: 33/33 MP: 2/2
   883 | D:2      | Noticed Sigmund
  1362 | D:2      | Reached XP level 4. HP: 38/40 MP: 3/3
  1785 | D:2      | Mangled by Sigmund

Skill      XL: |  1  2  3 |
---------------+----------+-----
Shields        | 4 |  4.5
Armour         | 4 |  4.3
Fighting       | 4 |  4.2
Axes           | 3 |  3.2

Action                   |  1- 3 |  4- 6 || total
-------------------------+-------+-------++-------
Melee: War axe           |    96 |    15 ||   111
       Headbutt          |    12 |     1 ||    13
 Abil: Evoke Berserk Rag |       |     1 ||     1
  Use: Scroll            |     2 |       ||     2
  Eat: Chunk             |     1 |     1 ||     2
Armor: Scale mail        |    58 |     7 ||    65
Dodge: Dodged            |    26 |     3 ||    29
Block: Shield            |    57 |     1 ||    58
